 Dungeon Crawl Stone Soup version 0.23-a0-14-g8c9a20f (webtiles) character file.

2606 Melum the Grappler (level 9, -3/70 HPs)
             Began as a Ghoul Monk on Aug 2, 2018.
             Was a Believer of Makhleb.
             Slain by a two-headed ogre
             ... wielding a cursed +0 giant club
              (29 damage)
             ... on level 8 of the Dungeon on Aug 3, 2018.
             The game lasted 00:15:35 (5153 turns).

Melum the Grappler (Ghoul Monk)                     Turns: 5153, Time: 00:15:36

Health: -3/70      AC:  9    Str: 18    XL:     9   Next: 59%
Magic:  8/8        EV: 10    Int:  5    God:    Makhleb [**....]
Gold:   519        SH:  4    Dex: 11    Spells: 8/8 levels left

rFire    . . .     SeeInvis .     - Unarmed
rCold    + . .     Gourm    +   y - +0 buckler
rNeg     + + +     Faith    .   p - +2 scale mail {MR+}
rPois    ∞         Spirit   .   d - +1 hat
rElec    .         Reflect  .   (no cloak)
rCorr    .         Harm     .   (no gloves)
MR       +....                  (no boots)
Stlth    ..........             a - amulet of the gourmand
HPRegen  0.00/turn              (no ring)
MPRegen  0.11/turn              (no ring)

@: rotting
A: rotting body, claws 1, carnivore, cold resistance 1, negative energy
resistance 3, inhibited regeneration, torment resistance, unbreathing
a: Minor Destruction, Renounce Religion


You were on level 8 of the Dungeon.
You worshipped Makhleb.
Makhleb was pleased with you.
You were not hungry.

You visited 2 branches of the dungeon, and saw 9 of its levels.

You collected 519 gold pieces.

Inventory:

Armour
 c - a +0 pair of boots
 d - a +1 hat (worn)
 p - a +2 scale mail of magic resistance (worn)
 y - a +0 buckler (worn)
 E - a cursed +0 helmet
Jewellery
 a - an amulet of the gourmand (around neck)
 H - an uncursed ring of poison resistance {unknown}
Wands
 j - a wand of acid (4)
 x - a wand of disintegration (7)
 C - a wand of flame (21)
Scrolls
 e - 10 scrolls of identify {unknown}
 f - a scroll of enchant weapon {unknown}
 g - 3 scrolls of teleportation {unknown}
 i - 2 scrolls of enchant armour {unknown}
 l - 6 scrolls of remove curse {unknown}
 n - 2 scrolls of fear {unknown}
 o - 4 scrolls of magic mapping {unknown}
 q - 2 scrolls of noise {unknown}
 s - 2 scrolls of amnesia {unknown}
 v - 2 scrolls of fog {unknown}
 w - a scroll of random uselessness {unknown}
 z - a scroll of acquirement {unknown}
 G - a scroll of summoning {unknown}
Potions
 h - a potion of might
 k - a potion of degeneration
 m - a potion of cancellation {unknown}
 r - 3 potions of curing
 t - a potion of invisibility {unknown}
 u - a potion of resistance {unknown}
 A - a potion of mutation {unknown}
 B - 3 potions of flight {unknown}
 D - a potion of haste {unknown}
Comestibles
 b - 16 rations
 F - 2 chunks of flesh


   Skills:
 - Level 3.2 Fighting
 - Level 2.6 Dodging
 - Level 2.1 Stealth
 - Level 4.0 Shields
 + Level 12.9 Unarmed Combat


You had 8 spell levels left.
You didn't know any spells.
Your spell library was empty.

Dungeon Overview and Level Annotations

Branches:
Dungeon (8/15)             Temple (1/1) D:5
   Lair: D:8-11

Altars:
Cheibriados
Kikubaaqudgha
Makhleb
Nemelex Xobeh
Okawaru
Ru
Sif Muna
Uskayaw
Vehumet
Yredelemnul
The Shining One


Innate Abilities, Weirdness & Mutations

Your body is rotting away.
You thrive on raw meat.
You are immune to poison.
You have sharp fingernails.
You are carnivorous and can eat meat at any time.
Your flesh is cold resistant. (rC+)
You are immune to negative energy. (rN+++)
You do not regenerate when monsters are visible.
You are immune to unholy pain and torment.
You can survive without breathing.


Message History

You barely miss the two-headed ogre.
The two-headed ogre is lightly wounded.
The two-headed ogre hits you with a giant club.
The two-headed ogre hits you with a giant club!
* * * LOW HITPOINT WARNING * * *
Okay, then.
Evoke which item? (* to show all) (? for menu, Esc to quit)
Aiming: Corrosive Bolt
Press: ? - help, Shift-Dir - straight line, f - two-headed ogre
Aim: a two-headed ogre, wielding two giant clubs The bolt of acid hits the two-headed ogre.
The two-headed ogre is splashed with acid.
The acid corrodes the two-headed ogre!
The two-headed ogre is moderately wounded.
The two-headed ogre hits you with a giant club!
* * * LOW HITPOINT WARNING * * *
You block the two-headed ogre's attack.
You feel better.
The two-headed ogre hits you with a giant club!!
You die...

#.........## #...#......#...#
#..........# .......)......#
#..........# #...#..#....#
###..........# #........#
#..#.........# #....#
#............# ##.###
............###### ##.#
#................#####..#
#...............@O.....#######
#............................##
#...#####........###...........
#..<# ######.......######...#
#...# #####.......# ..# ###.#
########.. ###


You could see a two-headed ogre.

Vanquished Creatures
  A hippogriff (D:7)
  A spriggan (D:7)
  An orc warrior (D:7)
  An ice beast (D:5)
  A sky beast (D:5)
  3 ogres
  A phantom (D:7)
  2 centaurs (D:5)
  A crocodile (D:7)
  3 bullfrogs
  A water moccasin skeleton (D:4)
  3 killer bees (D:7)
  3 wights (D:6)
  A howler monkey (D:6)
  A jelly (D:5)
  A bullfrog skeleton (D:7)
  A centaur skeleton (D:6)
  2 hounds
  6 orc priests
  A gnoll shaman (D:4)
  2 orc wizards
  An iguana (D:6)
  Terence (D:2)
  4 worker ants
  4 hound skeletons
  11 gnolls
  5 adders
  An ooze (D:2)
  An adder zombie (D:6)
  An adder skeleton (D:5)
  5 worms (D:2)
  3 dart slugs
  3 leopard geckos
  22 orcs
  4 bats
  5 giant cockroaches
  8 goblins
  3 hobgoblins
  6 jackals (D:4)
  5 kobolds
  7 quokkas
  A ball python (D:3)
  2 frilled lizards
  A leopard gecko skeleton (D:6)
  A leopard gecko zombie (D:6)
  A quokka skeleton (D:5)
  8 rats
151 creatures vanquished.

Notes
Turn   | Place    | Note
-------+----------+-------------------------------------------
     0 | D:1      | Melum the Ghoul Monk began the quest for the Orb.
     0 | D:1      | Reached XP level 1. HP: 19/19 MP: 0/0
    76 | D:1      | Reached XP level 2. HP: 19/26 MP: 1/1
   101 | D:1      | Reached skill level 4 in Unarmed Combat
   521 | D:2      | Reached XP level 3. HP: 31/31 MP: 2/2
   628 | D:2      | Reached skill level 5 in Unarmed Combat
   758 | D:2      | Reached XP level 4. HP: 27/38 MP: 3/3
   811 | D:2      | Found a sacrificial altar of Ru.
   831 | D:2      | Noticed Terence
   844 | D:2      | Killed Terence
  1260 | D:3      | Noticed an ogre
  1266 | D:3      | Killed an ogre
  1266 | D:3      | Reached skill level 6 in Unarmed Combat
  1266 | D:3      | Reached XP level 5. HP: 45/45 MP: 4/4
  1404 | D:3      | Reached skill level 7 in Unarmed Combat
  1404 | D:3      | Reached XP level 6. HP: 16/51 MP: 5/5
  2025 | D:4      | Reached skill level 8 in Unarmed Combat
  2101 | D:4      | Reached XP level 7. HP: 42/57 MP: 6/6
  2517 | D:4      | Reached skill level 9 in Unarmed Combat
  2851 | D:5      | Entered Level 5 of the Dungeon
  2969 | D:5      | Reached skill level 10 in Unarmed Combat
  2971 | D:5      | Reached XP level 8. HP: 10/63 MP: 7/7
  3181 | D:5      | Reached skill level 11 in Unarmed Combat
  3323 | D:5      | Found a deep blue altar of Sif Muna.
  3464 | D:5      | Found a staircase to the Ecumenical Temple.
  3470 | Temple   | Entered the Ecumenical Temple
  3483 | Temple   | Became a worshipper of Makhleb the Destroyer
  3483 | Temple   | Reached * piety under Makhleb
  3483 | Temple   | Reached ** piety under Makhleb
  3537 | D:6      | Upgraded the game from 0.23-a0-8-gb809bb7 to 0.23-a0-14-g8c9a20f
  3797 | D:6      | Reached skill level 12 in Unarmed Combat
  3925 | D:6      | Reached skill level 1 in Shields
  3925 | D:6      | Reached XP level 9. HP: 63/70 MP: 8/8
  4735 | D:7      | Found a sparkling altar of Nemelex Xobeh.
  4736 | D:7      | Found an ancient bone altar of Kikubaaqudgha.
  4738 | D:7      | Found a radiant altar of Vehumet.
  4739 | D:7      | Found a basalt altar of Yredelemnul.
  5136 | D:8      | Noticed a two-headed ogre
  5153 | D:8      | Slain by a two-headed ogre

Vault maps used:
D:1:      dpeg_arrival_brainrot
D:2:      nicolae_ru_the_path_less_chosen, lemuel_old_faithful, uniq_terence
D:3:      st_stairs_14
D:4:      minmay_curled_crystal
D:5:      lemuel_blue_sif_altar, minmay_temple_entry_enclosed_plants,
          first_ration
D:7:      minitemple, the_bakery
D:8:      minmay_the_grid_triangle_9x9_rhombus_thin, lair_entry_dummy,
          basic_altar, serial_shops, shop, minmay_misc_feat_plants,
          trog_ov_bears_minmay
Temple:   eino_temple_scatter_basement

Skill      XL: |  1  2  3  4  5  6  7  8  9 |
---------------+----------------------------+-----
Unarmed Combat | 4 5 6 7 8 10 12 | 12.9
Shields        | 1 4 |  4.0
Fighting       | |  3.2
Dodging        | |  2.6
Stealth        | |  2.1

Action                   |  1- 3 |  4- 6 |  7- 9 || total
-------------------------+-------+-------+-------++-------
Melee: Unarmed           |   103 |   184 |   283 ||   570
       Punch             |     2 |     4 |     2 ||     8
Evoke: Wand              |       |     2 |     1 ||     3
  Use: Potion            |       |       |     5 ||     5
 Stab: Sleeping          |     3 |       |       ||     3
  Eat: Chunk             |     7 |    10 |    36 ||    53
Armor: Leather armour    |    15 |     2 |       ||    17
       Scale mail        |       |    74 |    90 ||   164
Dodge: Dodged            |    53 |    96 |   114 ||   263
Block: Buckler           |       |       |    12 ||    12

Table legend:
 A = Spawn XP
 B = Non-spawn XP
 C = Spawn XP percentage of total XP
 D = Spawn monster count
 E = Non-spawn monster count
 F = Spawn count percentage of total count
 G = Total turns spent on level
                    A         B        C        D         E        F      G
               +---------+---------+-------+---------+---------+-------+---------
         Total |       0 |    3724 |   0.0 |       0 |     151 |   0.0 |  5153
               +---------+---------+-------+---------+---------+-------+---------
           D:1 |       0 |      32 |   0.0 |       0 |      16 |   0.0 |   516
           D:2 |       0 |      96 |   0.0 |       0 |      18 |   0.0 |   608
           D:3 |       0 |     366 |   0.0 |       0 |      33 |   0.0 |   886
           D:4 |       0 |     410 |   0.0 |       0 |      27 |   0.0 |   841
           D:5 |       0 |     866 |   0.0 |       0 |      19 |   0.0 |   661
           D:6 |       0 |     585 |   0.0 |       0 |      18 |   0.0 |   605
           D:7 |       0 |    1261 |   0.0 |       0 |      18 |   0.0 |   944
           D:8 |       0 |     108 |   0.0 |       0 |       2 |   0.0 |    68
               +---------+---------+-------+---------+---------+-------+---------
